Map: Backwater LE

Players

Cors

  • Race: Zerg Zerg
  • League: Platinum
  • Spawn Location: 11:00

CinDra - Winner!

  • Race: Zerg Zerg
  • League: Gold
  • Spawn Location: 5:00

VOD

Have the link to the VOD?

Description

Time

  • Played on: March 19, 2018, 10:29 p.m.
  • Length: 12:01
Show
View Real Time Build Order
Export as new Build Order

Cors Zerg 

Build Orders: Hatch First, Muta Ling Bane 

Get SALT Encoding   

  12  0:01  Drone  
  13  0:08  Drone  
  14  0:18  Overlord  
  14  0:29  Extractor  
  14  0:30  Drone  
  15  0:48  Drone  
  16  0:57  Drone  
  16  0:58  Drone  
  16  1:01  Hatchery  
  16  1:02  Extractor  
  16  1:16  Spawning Pool  
  16  1:18  Drone  
  16  1:28  Overlord  
  16  1:34  Drone, Extractor  
  16  2:03  Drone  
  16  2:05  Zergling x4  
  16  2:06  Queen  
  21  2:13  Queen  
  23  2:15  Drone  
  24  2:24  Metabolic Boost  
  24  2:32  Zergling x2  
  25  2:45  Zergling x4  
  27  2:59  Zergling x6  
  27  3:05  Baneling Nest  
  29  3:14  Roach Warren  
  28  3:21  Zergling x2  
  29  3:29  Zergling x4  
  31  3:34  Drone  
  32  3:56  Baneling x3  
  32  3:57  Baneling x2  
  32  4:04  Drone  
  32  4:06  Drone  
  34  4:18  Spine Crawler  
  33  4:35  Zergling x6  
  33  4:51  Zergling x4  
  33  4:52  Zergling x8  
  31  4:53  Roach, Zergling x2  
  34  5:10  Lair  
  34  5:12  Drone  
  35  5:14  Drone  
  35  5:16  Baneling  
  35  5:19  Baneling  
  36  5:26  Overlord  
  36  5:45  Drone  
  36  5:46  Drone x4  
  41  6:04  Overlord x2  
  41  6:09  Centrifical Hooks  
  41  6:14  Overlord  
  41  6:26  Zergling x4  
  41  6:27  Zergling x6  
  46  6:39  Glial Reconstitution  
  46  6:49  Drone x2  
  46  6:50  Spire  
  47  7:10  Roach x5  
  57  7:32  Zergling x2  
  57  7:33  Roach  
  60  7:42  Hatchery  
  55  7:56  Zergling x2  
  55  7:57  Zergling x8  
  60  8:06  Overlord  
  60  8:18  Ravager  
  59  8:21  Overlord x2  
  59  8:24  Queen  
  57  8:50  Mutalisk x6  
  14  10:04  Hatchery  
Show
View Real Time Build Order
Export as new Build Order

CinDra Zerg - Winner!

Build Orders: Hatch First 

Get SALT Encoding   

  12  0:01  Drone  
  13  0:12  Overlord  
  13  0:17  Drone  
  14  0:30  Drone  
  14  0:31  Drone  
  16  0:37  Drone  
  17  0:56  Drone  
  18  0:59  Hatchery, Drone  
  18  1:11  Extractor  
  18  1:15  Spawning Pool  
  16  1:19  Drone  
  16  1:22  Drone  
  18  1:28  Drone  
  19  1:39  Drone  
  20  1:49  Overlord  
  20  2:03  Zergling x2  
  20  2:07  Queen  
  23  2:12  Queen  
  23  2:13  Zergling x2  
  23  2:14  Drone  
  27  2:18  Metabolic Boost  
  27  2:21  Drone  
  28  2:29  Drone  
  29  2:36  Drone x2  
  31  2:48  Queen  
  33  2:51  Drone x2  
  33  2:53  Overlord  
  35  3:02  Hatchery  
  35  3:03  Drone  
  35  3:06  Overlord  
  35  3:13  Overlord  
  35  3:18  Drone  
  36  3:31  Drone  
  36  3:32  Drone x6  
  43  3:42  Roach Warren  
  42  3:49  Drone x2, Extractor  
  42  3:53  Extractor  
  42  4:10  Zergling x2  
  42  4:11  Zergling x14  
  50  4:18  Drone x2  
  52  4:25  Zergling x10  
  57  4:34  Zergling x2  
  57  4:35  Overlord x4  
  58  4:50  Queen  
  50  4:57  Queen  
  52  5:01  Lair  
  52  5:04  Drone x6  
  52  5:05  Drone  
  59  5:07  Roach x2  
  63  5:20  Drone x3  
  66  5:28  Roach x4  
  74  5:44  Drone x6  
  80  5:54  Drone  
  80  5:55  Evolution Chamber  
  80  5:56  Evolution Chamber, Drone  
  80  5:57  Overlord  
  80  6:09  Drone  
  80  6:10  Drone x6  
  89  6:33  Roach x5  
  89  6:34  Overlord x9  
  89  6:38  Zerg Missile Weapons Level 1  
  97  6:40  Zerg Ground Armor Level 1  
  97  6:41  Glial Reconstitution  
  97  6:43  Hatchery  
  96  6:47  Overseer  
  96  6:48  Overseer  
  96  6:50  Pneumatized Carapace  
  96  7:12  Roach x6  
  96  7:13  Roach x3  
  114  7:36  Roach x9  
  125  7:58  Roach x7  
  138  8:15  Drone  
  138  8:16  Drone x4  
  141  8:41  Roach x14  
  147  8:42  Roach x3, Overlord  
  175  9:07  Zergling x22  
  180  9:36  Zerg Ground Armor Level 2, Zerg Missile Weapons Level 2  
  180  9:37  Hydralisk Den  
  170  10:06  Roach  
  170  10:07  Roach x6  
  182  10:09  Overlord x5  
  180  10:18  Hydralisk  
  180  10:19  Overlord  
  180  10:20  Overlord x2  
  182  10:23  Grooved Spines  
  182  10:30  Hydralisk  
  182  10:31  Hydralisk x3  
  185  10:49  Hydralisk x5  
  181  11:05  Hydralisk x2  
Tags
 
Add a new tag
Caveats
  • Supply blocks, unpowered buildings, or Contaminate may cause inaccurate times.
  • Supply counts are checked every 10 seconds.